 Dungeon Crawl Stone Soup version 0.29.1-2-gbd0b4ee654 (webtiles) character file.

Game seed: 15819122688292589289

149 GorkyZ the Shield-Bearer (level 5, -2/52 HPs)
             Began as a Troll Fighter on Nov 11, 2022.
             Slain by a goblin
             ... wielding a +0 club
             ... led by Robin
              (5 damage)
             ... on level 3 of the Dungeon.
             The game lasted 00:10:08 (1504 turns).

GorkyZ the Shield-Bearer (Troll Fighter)            Turns: 1504, Time: 00:10:09

Health: -2/52      AC:  4    Str: 26    XL:     5   Next: 9%
Magic:  4/4        EV:  9    Int:  4    God:
Gold:   104        SH:  7    Dex:  9    Spells: 4/4 levels left

rFire   . . .      SeeInvis .   m - +1 demon trident (venom)
rCold   . . .      Faith    .   c - +0 kite shield
rNeg    . . .      Spirit   .   b - +0 robe
rPois   .          Reflect  .   (helmet restricted)
rElec   .          Harm     .   (no cloak)
rCorr   .          Rampage  .   (gloves unavailable)
Will    .....                   (boots unavailable)
Stlth   +.........              (no amulet)
HPRegen 0.97/turn               (no ring)
MPRegen 0.09/turn               (no ring)

@: no status effects
A: large, unfitting armour, claws 3, regeneration 1, shaggy fur 1, tough skin 1
a: no special abilities


You were on level 3 of the Dungeon.
You visited 1 branch of the dungeon, and saw 3 of its levels.

You collected 104 gold pieces.

Inventory:

Hand Weapons
 a - a +0 war axe
 m - a +1 demon trident of venom (weapon)
Armour
 b - a +0 robe (worn)
 c - a +0 kite shield (worn)
 e - a +0 chain mail
 i - a +0 kite shield
 k - a +0 leather armour
 o - a +0 chain mail
 p - a +0 pair of gloves
Scrolls
 f - a scroll of vulnerability
 n - a scroll of immolation {unknown}
 r - a scroll of identify
Potions
 d - a potion of might
 g - 2 potions of heal wounds {unknown}
 h - a potion of brilliance {unknown}
 j - a potion of flight {unknown}
 l - a potion of curing {unknown}
 q - a potion of haste {unknown}


   Skills:
 + Level 2.8 Fighting
 + Level 2.3(2.6) Axes
 + Level 1.3(2.1) Polearms
 + Level 1.1 Armour
 * Level 3.1 Dodging
 + Level 0.2 Stealth
 + Level 3.1 Shields


You had 4 spell levels left.
You didn't know any spells.
Your spell library contained the following spells:

 Spells                   Type           Power      Damage    Failure   Level
 Slow                     Hex            0%         N/A       80%         1
 Confusing Touch          Hex            0%         N/A       99%         3
 Gell's Gravitas          Tloc           0%         N/A       99%         3
 Lesser Beckoning         Tloc           0%         N/A       99%         3
 Teleport Other           Tloc           0%         N/A       99%         3
 Vampiric Draining        Necr           0%         2d6       99%         3


Dungeon Overview and Level Annotations

Branches:
Dungeon (3/15)

Altars:
Xom

Annotations:
D:3 Robin


Innate Abilities, Weirdness & Mutations

You are too large for most types of armour.
You have claws for hands.
Your natural rate of healing is unusually fast.
You are covered in fur. (AC +1)
You have tough skin. (AC +1)


Message History

You are too injured to fight recklessly!
You are too injured to fight recklessly!
You are too injured to fight recklessly!
You are too injured to fight recklessly!
You are too injured to fight recklessly!
You are too injured to fight recklessly!
You are too injured to fight recklessly!
You are too injured to fight recklessly!
You are too injured to fight recklessly!
You are too injured to fight recklessly!
You are too injured to fight recklessly!
You are too injured to fight recklessly!
You are too injured to fight recklessly!
You are too injured to fight recklessly!
You are too injured to fight recklessly!
You are too injured to fight recklessly!
You are too injured to fight recklessly!
You are too injured to fight recklessly!
You are too injured to fight recklessly!
You are too injured to fight recklessly!
You are too injured to fight recklessly!
You barely miss the goblin.
The goblin no longer looks unusually strong.
The goblin hits you with a +0 club.
* * * LOW HITPOINT WARNING * * *
Robin throws the goblin at you! You block the goblin's attack.
The goblin barely misses you. The goblin misses you.
The goblin barely misses you.
Robin roars a battlecry!
The goblin goes into a battle-frenzy!
You hit the goblin.
You kill the goblin!
You block the goblin's attack. The goblin hits you with a +0 club.
* * * LOW HITPOINT WARNING * * *
The goblin barely misses you.
You closely miss Robin.
The goblin no longer looks unusually strong.
The goblin hits you but does no damage. You block the goblin's attack.
The goblin hits you with a +0 club.
You die...

#.....# #.# .#
##...## #.# #
#...# #.#
#.###...#####.#
#.............#
#####...#######
#...# .#
######..g# .#
#......g@# .#
#.#####gg#.#
#.g)#
#)).g.....
#..######g ....
..?..# #.....#
#<....#


You could see Robin, a hobgoblin (strong) and 4 goblins.

Vanquished Creatures
  An orc wizard (D:3)
  Terence (D:3)
  3 adders
  2 worms
  A dart slug (D:2)
  6 orcs (D:3)
  3 endoplasms
  4 giant cockroaches
  9 goblins
  4 hobgoblins
  6 jackals (D:1)
  3 ball pythons
  5 bats
  5 kobolds
  5 rats
58 creatures vanquished.

Notes
Turn   | Place    | Note
-------+----------+-------------------------------------------
     0 | D:1      | GorkyZ the Troll Fighter began the quest for the Orb.
     0 | D:1      | Reached XP level 1. HP: 22/22 MP: 0/0
   208 | D:1      | Reached XP level 2. HP: 29/29 MP: 1/1
   339 | D:1      | Reached skill level 1 in Armour
   693 | D:2      | Reached XP level 3. HP: 31/36 MP: 2/2
  1179 | D:3      | Reached XP level 4. HP: 33/44 MP: 3/3
  1284 | D:3      | Reached skill level 1 in Polearms
  1396 | D:3      | Found a shimmering altar of Xom.
  1491 | D:3      | Noticed Robin
  1493 | D:3      | Noticed Terence
  1497 | D:3      | Killed Terence
  1498 | D:3      | Reached XP level 5. HP: 15/52 MP: 4/4
  1503 | D:3      | HP: 2/52 [goblin/+0 club[Robin] (5)]
  1504 | D:3      | Slain by a goblin

Illustrated notes

Levels and vault maps discovered:
D:1:      dpeg_arrival_rhombi, layout_basic, skrybe_limestone_x
D:2:      layout_rooms, minmay_misc_feat_cross, minmay_pentomino_pile
D:3:      layout_loops_ring, general_overflow_altar, uniq_terence, uniq_sigmund,
          uniq_robin

Skill      XL: |  1  2  3  4 |
---------------+-------------+-----
Armour         | 1 |  1.1
Axes           | 2 |  2.3
Shields        | 3 |  3.1
Dodging        | 3 |  3.1
Polearms       | 1 |  1.3
Fighting       | |  2.8
Stealth        | |  0.2

Action                   |  1- 3 |  4- 6 || total
-------------------------+-------+-------++-------
Melee: War axe           |    83 |       ||    83
       Demon trident     |    23 |    44 ||    67
  Use: Scroll            |     1 |       ||     1
 Stab: Sleeping          |     2 |       ||     2
Armor: Robe              |    51 |    20 ||    71
Dodge: Dodged            |    68 |    16 ||    84
Block: Kite shield       |    60 |    31 ||    91
